 Dungeon Crawl Stone Soup version 0.14-a0-30-gf0b6e91 (webtiles) character file.

257 DaftWullie the Cutter (level 4, 0/29 HPs)
             Began as a Kobold Berserker on Sept 27, 2013.
             Was a Priest of Trog.
             Slain by Edmund
             ... wielding a +1,+4 flail of protection
              (15 damage)
             ... on Level 4 of the Dungeon.
             The game lasted 00:17:20 (2033 turns).

DaftWullie the Cutter (Kobold Berserker)            Turns: 2033, Time: 00:17:20

HP   0/29        AC  2     Str 16      XL: 4   Next: 87%
MP   3/3         EV 15     Int  5      God: Trog [***...]
Gold 166         SH  0     Dex 15      Spells:  0 memorised,  3 levels left

Res.Fire  : . . .   See Invis. : .   r - +3,+4 dwarf short sword
Res.Cold  : + . .   Warding    : .   b - +0 animal skin
Life Prot.: . . .   Conserve   : .   (no shield)
Res.Poison: .       Res.Corr.  : .   (no helmet)
Res.Elec. : .       Clarity    : .   (no cloak)
Sust.Abil.: . .     Spirit.Shd : .   (no gloves)
Res.Mut.  : .       Stasis     : .   (no boots)
Res.Rott. : .       Flight     : .   (no amulet)
Saprovore : + + .                    (no ring)
                                     q - ring of protection from cold {unknown}

@: exhausted, slowed, very slow, slightly resistant to hostile enchantments,
unstealthy
A: disease resistance, carnivore 3, saprovore 2
a: Burn Spellbooks, Berserk, Trog's Hand, Renounce Religion


You were on level 4 of the Dungeon.
You worshipped Trog.
Trog was most pleased with you.
You were very full.

You visited 1 branch of the dungeon, and saw 4 of its levels.

You collected 146 gold pieces.

Inventory:

Hand weapons
 a - a +0,+0 short sword
 g - a +0,+0 dwarven dagger
 p - a +1,+0 dagger of venom
 r - a +3,+4 dwarven short sword (weapon)
Missiles
 l - 32 darts (quivered)
 s - 15 poisoned needles
Armour
 b - a +0 animal skin (worn)
Comestibles
 c - 3 meat rations
 f - a beef jerky
Scrolls
 d - 2 scrolls of teleportation {unknown}
 e - a scroll of recharging {unknown}
 i - 3 scrolls of remove curse {unknown}
 j - a scroll of enchant weapon I {unknown}
 o - 2 scrolls of random uselessness {unknown}
 v - a scroll of enchant weapon II {unknown}
Jewellery
 q - a ring of protection from cold (left hand) {unknown}
 u - an uncursed amulet of resist corrosion {unknown}
Potions
 h - 2 potions of heal wounds {unknown}
 k - a potion of coagulated blood
 m - a potion of paralysis {unknown}
 n - a potion of invisibility {unknown}
 t - a potion of degeneration {unknown}
 w - a potion of might {unknown}
 x - a potion of speed {unknown}


   Skills:
 + Level 4.1 Fighting
 * Level 5.7 Short Blades
 + Level 0.3 Throwing
 - Level 1.5 Armour
 + Level 2.9 Dodging
 + Level 0.4 Stealth


You had 3 spell levels left.
You didn't know any spells.

Dungeon Overview and Level Annotations

Branches:
Dungeon (4/27)
 Temple: D:4-7

Altars:
Yredelemnul

Annotations:
D:4 Edmund


Innate Abilities, Weirdness & Mutations

You recuperate from illness quickly.
You are small and have problems with some larger weapons.
You are carnivorous and can eat meat at any time.
You can eat rotten meat.


Message History

You hit the adder.
The adder is severely wounded.
The adder closely misses you. The adder barely misses you.
You hit the adder.
You kill the adder!
Trog accepts your kill.
You feel sick.
You hit Edmund but do no damage.
Edmund is lightly wounded.
Edmund closely misses you.
You hit Edmund but do no damage.
Edmund is lightly wounded.
You feel sick.
You feel better. Edmund closely misses you.
You hit Edmund but do no damage.
Edmund is lightly wounded.
Edmund hits you with a glowing flail!
Ouch! That really hurt!
You die...

# .# #
#####.#.#
#@#.....#
#@#.....#
#######.......#
#.............#
+...........#.#
#......%..#.#
..........#.#
.....(....# #
........).#


You could see Edmund.

Vanquished Creatures
  3 adders
  A giant mite (D:1)
  An ooze (D:1)
  9 bats
  6 goblins
  10 hobgoblins
  6 kobolds
  A quokka (D:2)
  2 ball pythons (D:2)
  2 giant newts
  7 jackals (D:2)
  9 rats
57 creatures vanquished.

Notes
Turn   | Place    | Note
--------------------------------------------------------------
     0 | D:1      | DaftWullie, the Kobold Berserker, began the quest for the Orb.
     0 | D:1      | Reached XP level 1. HP: 14/14 MP: 0/0
   298 | D:1      | Reached XP level 2. HP: 17/19 MP: 1/1
   514 | D:1      | Reached XP level 3. HP: 24/24 MP: 2/2
   928 | D:3      | Reached skill level 5 in Short Blades
  1118 | D:2      | Acquired Trog's second power
  1173 | D:2      | Reached XP level 4. HP: 9/29 MP: 3/3
  1614 | D:2      | Found a basalt altar of Yredelemnul.
  2011 | D:4      | Noticed Edmund
  2033 | D:4      | Slain by Edmund

Action                   |  1- 3 |  4- 6 || total
-------------------------+-------+-------++-------
Melee: Short sword       |    66 |    61 ||   127
       Dagger            |    33 |       ||    33
Throw: Tomahawk          |     6 |     7 ||    13
       Dart              |     2 |     9 ||    11
Invok: Berserk           |     1 |     1 ||     2
 Stab: Sleeping          |     1 |       ||     1
